Merlek, lawful female human Valkyrie ---------- |........| ------------ |........| ...........| #-........| @%..........a| ###|........| a ..........| # ---|------ # ........| ### ####### # -------+- # # # -------- # ### # |...<..| # # # |.......# # ### # |......|# # # # |..`...|# ------# #### ## |......|# |....|# ------------.---# --------# |.....# |..............|# ### |....| |..............|# # |....| |...............# ##.....| |..............| ------ ---------------- Merlek the Skirmisher Experience level: 4 Strength: 21 Dexterity: 16 Constitution: 16 Intelligence: 7 Wisdom: 9 Charisma: 13 Health: 0(52) Energy: 6(6) Def: 4 Gold: 580 Moves: 1193 Dungeon seed: FdNHaT4zQuYpakkT Game ID: Merlek_1686947080 Your Inventory: Coins $ - 580 gold pieces Weapons a - an uncursed +1 long sword (weapon in hand) b - an uncursed +0 dagger m - an uncursed +0 partisan Armor e - an uncursed +3 small shield (being worn) Comestibles c - 2 uncursed food rations i - an uncursed fortune cookie o - an uncursed lichen corpse Scrolls f - a blessed scroll of gold detection h - an uncursed scroll of enchant weapon l - a cursed scroll of identify s - an uncursed scroll of charging Potions g - an uncursed potion of speed j - an uncursed potion of sleeping u - an uncursed potion of blindness Wands p - a blessed wand of cancellation (0:4) Tools d - an uncursed oil lamp (0:1252) Gems n - an uncursed worthless piece of yellow glass Spells and supernatural/magical abilities: Name Level Category Cost Memory W - pray for help -- divine ? -- Your skills at the end: Fighting Skills wands [Basic] Weapon Skills dagger [Basic] long sword [Basic] Spellcasting Skills Final Attributes: You were piously aligned. You were immune to cold. You were stealthy. You last prayed 8 turns ago. Tyr was noncommittal. You are dead. Vanquished creatures: an imp a violet fungus 2 giant ants 2 iguanas a yellow mold a gnome zombie 3 jackals a fox a goblin a sewer rat 3 grid bugs 3 lichens 3 newts 23 creatures vanquished. Voluntary challenges: You used a wielded weapon 37 times, starting on turn 158. You were illiterate. You never genocided any monsters. You never polymorphed an object. You never changed form. You used no wishes. You never split a pudding. You never wrote Elbereth's name. You never violated your personal moral code. Dungeon overview: The Dungeons of Doom: levels 1 to 8 Level 1 an altar to Odin, some fountains, a sink, a vault a long staircase Level 2 Level 3 Level 4 an altar to Loki, a vault Level 5 a fountain Level 6 Level 7 a fountain Level 8 <- You were here History has recorded: On T:1 you entered the Dungeons of Doom to retrieve the Amulet of Yendor! On T:201 you reached level 2 of The Dungeons of Doom. On T:291 you reached level 3 of The Dungeons of Doom. On T:425 you reached level 4 of The Dungeons of Doom. On T:478 you advanced to experience level 2. On T:594 you advanced to experience level 3. On T:856 you reached level 5 of The Dungeons of Doom. On T:968 you reached level 6 of The Dungeons of Doom. On T:996 you reached level 7 of The Dungeons of Doom. On T:1082 you reached level 8 of The Dungeons of Doom. On T:1176 you advanced to experience level 4. Score breakdown: Gold: 580 ( 9402 points) Experience: 4 levels ( 9649 points) Exploration: 8 levels ( 15.69%) (11224 points) Discoveries: 1 item ( 0.40%) ( 1897 points) Valuables value: (no points given unless you survive) Artifact value: 0 ( 0 points) Variety of kills: 13 monsters ( 3.42%) ( 5548 points) Turncount: 1193 turns ( 0 points) Survival: died (score multiplied by 80%) Total score: 30176 Latest messages: The giant ant bites! (4x) You hit the giant ant! The giant ant turns to flee! The giant ant bites! You miss the giant ant. The giant ant bites! (4x) You miss the giant ant. The giant ant bites! (2x) You miss the giant ant. The giant ant bites! The giant ant misses. The giant ant bites! (2x) You hit the giant ant! The giant ant bites! (2x) You hit the giant ant! The giant ant bites! (4x) You kill the giant ant! The giant ant bites! You hit the giant ant! The giant ant bites! You die... For some reason, you think that you can almost hear the Wizard laugh manically... Final status: Farvel Merlek the Valkyrie, killed by a giant ant... You died in The Dungeons of Doom on dungeon level 8 with 30176 points, and 580 pieces of gold, after 1193 moves. You were level 4 with a maximum of 52 hit points when you died.